 Dungeon Crawl Stone Soup version 0.30-a0-54-g2e61a25929 (webtiles) character file.

Game seed: 13597200439919866098

30860 Newt the Skirmisher (level 13, -16/72 (73) HPs)
             Began as a Kobold Hunter on Sept 7, 2022.
             Was a High Priest of Hepliaklqana.
             Demolished by a vampire knight
             ... wielding a +0 great sword
              (32 damage)
             ... on level 13 of the Dungeon.
             The game lasted 00:29:47 (18587 turns).

Newt the Skirmisher (Kobold Hunter)                Turns: 18587, Time: 00:29:47

HP:   -16/72 (73)   AC: 12    Str:  8    XL:     13   Next: 91%
MP:   0/27          EV: 23    Int: 11    God:    Hepliaklqana [*****.]
Gold: 1008          SH:  0    Dex: 23    Spells: 29/32 levels left

rFire   . . .      SeeInvis .    a - +1 shortbow (venom)
rCold   . . .      Faith    .    (shield currently unavailable)
rNeg    . . .      Spirit   +    y - +0 steam dragon scales
rPois   +          Reflect  .    p - +2 hat
rElec   .          Harm     .    (no cloak)
rCorr   .          Rampage  .    (no gloves)
Will    .....                    (no boots)
Stlth   +++.......               C - amulet of guardian spirit
HPRegen 0.22/turn                e - +4 ring of protection
MPRegen 0.20/turn                n - ring of poison resistance

@: lightly drained
A: reduced essence, small, no large weapons, nightstalker 3
a: Renounce Religion, Recall Ancestor, Ancestor Identity, Transference, Idealise


You were on level 13 of the Dungeon.
You worshipped Hepliaklqana.
Hepliaklqana was extremely pleased with you.
You visited 2 branches of the dungeon, and saw 14 of its levels.

You collected 1008 gold pieces.

Inventory:

Hand Weapons
 a - a +1 shortbow of venom (weapon)
Missiles
 r - 2 silver boomerangs
 E - 5 throwing nets
Armour
 c - a +0 leather armour
 p - a +2 hat (worn)
 y - +0 steam dragon scales (worn)
Jewellery
 e - a +4 ring of protection (left hand)
 n - a ring of poison resistance (right hand)
 o - a ring of fire
 s - a ring of protection from cold
 t - a +6 ring of intelligence
 v - a ring of protection from cold
 z - a ring of willpower
 B - an amulet of the acrobat
 C - an amulet of guardian spirit (around neck)
Wands
 w - a wand of polymorph (2)
 J - a wand of flame (7)
 L - a wand of roots (6)
Scrolls
 b - 5 scrolls of immolation
 d - 4 scrolls of teleportation
 f - 2 scrolls of fear
 l - a scroll of vulnerability
 q - a scroll of amnesia
 x - 2 scrolls of magic mapping
 F - a scroll of blinking
 G - a scroll of enchant armour {unknown}
 K - a scroll of torment
 P - a scroll of poison
 S - a scroll of brand weapon
Potions
 g - 4 potions of lignification
 h - 4 potions of curing
 i - 5 potions of degeneration
 j - 2 potions of resistance
 k - 3 potions of attraction
 m - a potion of invisibility
 u - a potion of cancellation
 A - a potion of flight
 D - a potion of ambrosia
 M - a potion of magic
 N - a potion of berserk rage {unknown}
 O - 3 potions of brilliance
 Q - a potion of mutation {unknown}
 R - a potion of haste {unknown}
Miscellaneous
 H - a phial of floods
 I - a tin of tremorstones (2/2)


   Skills:
 - Level 10.0 Fighting
 - Level 14.0 Ranged Weapons
 - Level 6.0 Armour
 - Level 10.0 Dodging
 - Level 1.3 Stealth
 - Level 10.0 Spellcasting
 - Level 10.0 Ice Magic
 + Level 4.4 Invocations
 - Level 5.0 Evocations


You had 29 spell levels left.
You knew the following spells:

 Your Spells              Type           Power      Damage    Failure   Level
a - Frozen Ramparts       Ice            54%        1d9       1%          3

Your spell library contained the following spells:

 Spells                   Type           Power      Damage    Failure   Level
 Freeze                   Ice            100%       1d11      1%          1
 Slow                     Hex            20%        N/A       13%         1
 Hailstorm                Conj/Ice       16%        3d6       16%         4
 Ice Form                 Ice/Tmut       16%        N/A       16%         4
 Summon Ice Beast         Ice/Summ       16%        N/A       16%         4
 Blink                    Tloc           10%        N/A       19%         2
 Confusing Touch          Hex            5%         N/A       36%         3
 Gell's Gravitas          Tloc           5%         N/A       36%         3
 Lesser Beckoning         Tloc           5%         N/A       36%         3
 Teleport Other           Tloc           5%         N/A       36%         3
 Vampiric Draining        Necr           5%         2d6       36%         3
 Freezing Cloud           Conj/Ice/Air   6%         6-21      67%         5
 Simulacrum               Ice/Necr       8%         N/A       94%         6
 Alistair's Intoxication  Tmut/Pois      3%         N/A       98%         5
 Borgnjor's Vile Clutch   Necr/Erth      2%         N/A       98%         5
 Manifold Assault         Tloc           5%         N/A       98%         5
 Eringya's Noxious Bog    Tmut/Pois      2%         N/A       100%        6
 Polar Vortex             Ice            13%        N/A       100%        9


Dungeon Overview and Level Annotations

Branches:
Dungeon (13/15)            Temple (1/1) D:4            Lair (0/5) D:10
    Orc (0/2) D:9
 Vaults: D:13-14

Altars:
Ashenzari
Cheibriados
Dithmenos
Elyvilon
Fedhas
Gozag
Hepliaklqana
Kikubaaqudgha
Makhleb
Nemelex Xobeh
Okawaru
Qazlal
Ru
Sif Muna
Trog
Uskayaw
Vehumet
Wu Jian
Xom
Yredelemnul
Zin
The Shining One

Shops:
D:2 [


Innate Abilities, Weirdness & Mutations

Your life essence is reduced to manifest your ancestor. (-10% HP)
You are small and have problems with some larger weapons.
You are completely attuned to the shadows.


Message History

The wall freezes the vampire knight but does no damage.
The vampire knight hits you with a +0 great sword!!
The vampire knight misses you.
Plamen hits the vampire knight with a +0 flail.
Unknown command.
Aiming: Throw Flame
Press: ? - help, Q - select action, (/) - cycle Shift-Dir - straight line, f/p - vampire knight
Aim: a vampire knight, wielding a +0 great sword and wearing a +0 plate armour (moderately damaged, fast, ally target, 84% to hit)
The puff of flame hits the vampire knight.
The vampire knight is moderately damaged.
The vampire knight resists.
The wall freezes the vampire knight.
The vampire knight hits you with a +0 great sword.
The vampire knight bites you.
* * * LOW HITPOINT WARNING * * *
The vampire knight draws strength from your injuries!
The wall freezes the spectral wolf spider but does no damage.
Plamen hits the vampire knight but does no damage.
The wall freezes the vampire knight but does no damage.
The vampire knight hits you with a +0 great sword!
* * * LOW HITPOINT WARNING * * *
The vampire knight closely misses you.
Unknown command.
You are confused.
You feel invigorated.
The frozen ramparts melt away.
The vampire knight hits you with a +0 great sword!
* * * LOW HITPOINT WARNING * * *
The vampire knight misses you.
Plamen hits the vampire knight but does no damage.
You are too confused!
Unknown command.
You feel better.
You feel less invigorated.
The vampire knight hits you with a +0 great sword!!
* * * LOW HITPOINT WARNING * * *
The vampire knight bites you but does no damage.
Plamen barely misses the vampire knight.
The vampire knight completely misses you.
The vampire knight bites you but does no damage.
You feel better.
The vampire knight hits you with a +0 great sword!!
You die...

..#...≈~≈...########...≈~≈....#..
..#..≈≈≈...##.[....##...≈≈≈...#..
..'..≈≈...'#[.####..##...≈≈...#..
..#..≈≈..##..##..##..##..≈≈..##..
..#..≈≈.##..##..(###..##.≈≈..#...
###..≈~##..###...# ##V.##~≈..#...
.....~≈#..#####'## ##'##≈~..#...
.....≈≈#.##......# #..#≈≈..#...
.....≈≈#.##.....@# #..#≈≈..#...
.....≈≈#.'[...⌠.RVZ._#..÷~~..#...
.....≈≈#.##......#+#)#..#≈≈..#...
.....≈≈#.##......# #..#≈≈..####
.....~≈#..######## ##'##≈~......
.....≈~##..## ##..##~≈.V....
R.Z..≈≈.##..## ##..##.≈≈.....)
Z....≈≈..##..## ##..##..≈≈......
W....≈≈...##..####..##...≈≈..<...


You could see the friendly Plamen the knight, a vampire knight (fast, ally
target) and a spectral wolf spider.

Vanquished Creatures
  A hydra (D:12)
  Harold (D:10)
  2 two-headed ogres
  2 death knights (D:13)
  7 death yaks
  An ugly thing (D:13)
  A spectral centaur (D:13)
  A manticore (D:11)
  A centaur zombie (D:13)
  A cyclops (D:13)
  A cane toad (shapeshifter) (D:12)
  6 freezing wraiths (D:13)
  A queen bee (D:9)
  A troll (D:9)
  A hornet (D:9)
  9 slime creatures
  A meliai zombie (D:13)
  A jumping spider (shapeshifter) (D:13)
  A wyvern (D:9)
  A flying skull (D:13)
  A centaur simulacrum (D:13)
  2 wraiths (D:10)
  16 yaks
  3 vampires
  3 steam dragons
  An acid dragon (D:11)
  2 water moccasins
  4 hell hounds (D:13)
  A black bear (D:7)
  3 orc warriors
  2 ogres
  3 centaurs
  3 phantoms
  2 kobold brigands
  2 bullfrogs
  A deep troll simulacrum (D:13)
  3 wights (D:9)
  2 killer bees (D:9)
  A howler monkey (D:5)
  3 hounds
  5 orc priests
  A jelly (D:6)
  13 orc wizards
  3 iguanas
  7 gnolls
  13 adders
  2 shadow imps (D:5)
  A white imp (D:5)
  An ufetubus (D:4)
  3 worms
  A dart slug (D:2)
  49 orcs
  8 endoplasms
  3 giant cockroaches
  7 goblins
  10 hobgoblins
  2 quokkas
  6 ball pythons
  3 bats
  2 frilled lizards
  24 kobolds
  6 rats
269 creatures vanquished.

Vanquished Creatures (collateral kills)
  2 hydras (D:12)
  A death yak (D:10)
  The ghost of rubashov the Fighter, a novice DjHW of Hepliaklqana (D:9)
  A skeletal warrior (D:13)
  An ugly thing (D:13)
  A cyclops (D:11)
  A gargoyle (D:11)
  A centaur skeleton (D:13)
  Psyche (D:10)
  4 freezing wraiths
  A hornet (shapeshifter) (D:13)
  2 wolf spider simulacra (D:13)
  2 slime creatures (D:12)
  2 flying skulls
  3 wraiths
  A vampire (D:13)
  8 yaks
  2 water moccasins (D:9)
  2 hell hounds (D:13)
  2 orc warriors
  2 centaurs
  2 kobold brigands
  A gnoll sergeant (D:10)
  A necrophage (D:6)
  2 wights (D:9)
  A killer bee (D:9)
  4 howler monkeys
  An orc wizard (D:10)
  A boggart skeleton (D:13)
  A gnoll (D:10)
  A white imp (D:6)
  10 orcs
  5 kobolds
71 creatures vanquished.

Vanquished Creatures (others)
  A killer bee (D:9)
  11 knights
  5 ancestors
17 creatures vanquished.

Grand Total: 357 creatures vanquished

Notes
Turn   | Place    | Note
-------+----------+-------------------------------------------
     0 | D:1      | Newt the Kobold Hunter began the quest for the Orb.
     0 | D:1      | Reached XP level 1. HP: 12/12 MP: 1/1
   112 | D:1      | Reached XP level 2. HP: 19/19 MP: 2/2
   369 | D:1      | Reached XP level 3. HP: 23/23 MP: 3/3
  1139 | D:2      | Reached XP level 4. HP: 29/29 MP: 4/4
  1181 | D:2      | Found Kaaczasch's Armour Shoppe.
  1275 | D:2      | Reached skill level 6 in Ranged Weapons
  1993 | D:2      | Reached XP level 5. HP: 31/33 MP: 5/5
  2419 | D:3      | Reached skill level 7 in Ranged Weapons
  2638 | D:3      | Found a faded altar of an unknown god.
  3453 | D:3      | Found a snail-covered altar of Cheibriados.
  3662 | D:4      | Found a shadowy altar of Dithmenos.
  3677 | D:4      | Reached XP level 6. HP: 38/38 MP: 6/6
  3687 | D:4      | Reached skill level 8 in Ranged Weapons
  4010 | D:4      | Noticed an ogre
  4023 | D:4      | Killed an ogre
  4024 | D:4      | Reached skill level 5 in Dodging
  4027 | D:4      | Reached XP level 7. HP: 10/43 MP: 7/7
  4410 | D:4      | Found a staircase to the Ecumenical Temple.
  4465 | Temple   | Entered the Ecumenical Temple
  4587 | Temple   | Became a worshipper of Hepliaklqana the Forgotten
  4789 | D:5      | Entered Level 5 of the Dungeon
  4807 | D:5      | HP: 1/43 [ogre/+0 giant spiked club (16)]
  5388 | D:5      | Found a sacrificial altar of Ru.
  5388 | D:5      | Found a basalt altar of Yredelemnul.
  5495 | D:5      | Reached XP level 8. HP: 48/48 MP: 8/8
  5506 | D:5      | Reached skill level 9 in Ranged Weapons
  5524 | D:5      | Reached skill level 10 in Ranged Weapons
  6262 | D:6      | Reached skill level 5 in Fighting
  6326 | D:6      | Reached * piety under Hepliaklqana
  6480 | D:6      | Found a sparkling altar of Nemelex Xobeh.
  6706 | D:6      | Reached skill level 1 in Invocations
  6707 | D:6      | Found a hide-covered altar of Uskayaw.
  6908 | D:6      | Reached XP level 9. HP: 36/49 MP: 9/11
  7121 | D:6      | Reached skill level 1 in Spellcasting
  7658 | D:7      | Reached skill level 1 in Ice Magic
  7863 | D:7      | Reached ** piety under Hepliaklqana
  8297 | D:7      | Found a glowing golden altar of the Shining One.
  8430 | D:8      | Learned a level 3 spell: Frozen Ramparts
  8490 | D:8      | Reached skill level 1 in Evocations
  9674 | D:9      | Reached skill level 5 in Evocations
  9831 | D:9      | Reached skill level 5 in Ice Magic
  9831 | D:9      | Reached XP level 10. HP: 49/54 MP: 16/16
  9892 | D:9      | Found an opulent altar of Gozag.
 10553 | D:9      | Found a staircase to the Orcish Mines.
 10690 | D:9      | Found a transporter.
 10691 | D:9      | Found a transporter.
 10692 | D:9      | Noticed rubashov's ghost (novice DjHW)
 10910 | D:9      | Remembered your ancestor Plamen as a knight
 10987 | D:9      | Reached skill level 5 in Spellcasting
 11119 | D:9      | Killed rubashov's ghost
 11273 | D:10     | Entered Level 10 of the Dungeon
 11290 | D:10     | Reached *** piety under Hepliaklqana
 11323 | D:10     | Noticed a death yak
 11325 | D:10     | Noticed a death yak
 11326 | D:10     | Noticed a death yak
 11332 | D:10     | Killed a death yak
 11333 | D:10     | Reached XP level 11. HP: 57/57 MP: 20/20
 11340 | D:10     | Noticed a death yak
 11341 | D:10     | Noticed a death yak
 11366 | D:9      | Killed a death yak
 11367 | D:9      | Reached skill level 10 in Ice Magic
 11367 | D:9      | Reached skill level 1 in Armour
 11750 | D:10     | Noticed Harold
 11760 | D:10     | Killed Harold
 12116 | D:10     | Noticed a death yak
 12146 | D:10     | Killed a death yak
 12147 | D:10     | Reached skill level 5 in Armour
 12151 | D:10     | Noticed a death yak
 12151 | D:10     | Noticed a death yak
 12436 | D:10     | Noticed Psyche
 12442 | D:10     | Killed Psyche
 12526 | D:10     | Noticed a death yak
 12526 | D:10     | Noticed a death yak
 12539 | D:10     | Killed a death yak
 12554 | D:10     | Killed a death yak
 12564 | D:10     | Killed a death yak
 12565 | D:10     | Reached XP level 12. HP: 25/63 MP: 7/21
 12868 | D:10     | Found a staircase to the Lair.
 13237 | D:10     | Killed a death yak
 13238 | D:10     | Reached skill level 10 in Dodging
 13245 | D:10     | Killed a death yak
 13342 | D:11     | Reached skill level 11 in Ranged Weapons
 13514 | D:11     | Noticed a two-headed ogre
 13524 | D:11     | Killed a two-headed ogre
 13525 | D:11     | Reached skill level 12 in Ranged Weapons
 13789 | D:11     | Reached skill level 13 in Ranged Weapons
 13833 | D:11     | Identified the +7 quarterstaff of the Heavens {flame, rElec
                  | Will+ Stlth+}
 13843 | D:11     | Reached **** piety under Hepliaklqana
 14367 | D:12     | Noticed a six-headed hydra
 14371 | D:12     | Noticed a seven-headed hydra
 14374 | D:12     | Killed a six-headed hydra
 14375 | D:12     | Reached skill level 14 in Ranged Weapons
 14377 | D:12     | Killed a seven-headed hydra
 15336 | D:12     | Reached XP level 13. HP: 66/66 MP: 20/24
 15805 | D:13     | Noticed a six-headed hydra
 15811 | D:12     | Killed a six-headed hydra
 16101 | D:13     | Reached ***** piety under Hepliaklqana
 16266 | D:13     | Reached skill level 10 in Spellcasting
 18124 | D:13     | Identified the +6 scale mail of Baldness {Int+2 Dex+5}
 18161 | D:13     | Reached skill level 10 in Fighting
 18565 | D:13     | Found an ancient bone altar of Kikubaaqudgha.
 18565 | D:13     | Noticed a vampire knight
 18587 | D:13     | Demolished by a vampire knight

Illustrated notes

Levels and vault maps discovered:
D:1:      onia_arrival_pentagram, layout_basic
D:2:      minmay_recursive_quarters, layout_loops_corners, serial_shops, shop,
          minmay_door_square
D:3:      layout_basic, lemuel_coloured_pillars_altar, basic_ecumenical_altar
D:4:      minmay_wonky_spiral, layout_rooms, nicolae_dithmenos_shadow_blocks,
          minmay_temple_entry_waves, solitary_fountain, minmay_misc_feat_hallway
D:5:      layout_basic, grunt_temple_overflow_open,
          chequers_serial_rivers_micro_d, roderic_roman_lattice
D:6:      layout_gridville, mainiacjoe_overflow_paths,
          nicolae_uskayaw_dance_studio
D:7:      layout_loops_ring, tso_altar
D:8:      layout_loops_ring, hangedman_abyss_or_decor_slice,
          nicolae_elevator_lobby_plus
D:9:      layout_long_grid, mainiacjoe_overflow_six_doors_small,
          hiddenorc1_lemuel, gammafunk_ghost_hive, st_stairs_12
D:10:     layout_basic, dpeg_lair_monsters, uniq_psyche, uniq_fannar,
          uniq_harold
D:11:     layout_irregular_city
D:12:     layout_loops_ring
D:13:     lemuel_vampire_tower, layout_irregular_city, minmay_misc_feat_doors
Temple:   eino_temple_lava

Skill      XL: |  1  2  3  4  5  6  7  8  9 10 11 12 13 |
---------------+----------------------------------------+-----
Fighting       | 3 4 6 10 | 10.0
Ranged Weapons | 6 7 8 10 14 | 14.0
Dodging        | 5 7 9 10 | 10.0
Invocations    | 3 4 |  4.4
Spellcasting   | 4 6 7 10 | 10.0
Ice Magic      | 5 9 10 | 10.0
Evocations     | 5 |  5.0
Armour         | 6 |  6.0
Stealth        | |  1.3

Action                   |  1- 3 |  4- 6 |  7- 9 | 10-12 | 13-15 || total
-------------------------+-------+-------+-------+-------+-------++-------
 Fire: Shortbow          |    54 |   158 |   341 |   449 |   349 ||  1351
 Cast: Frozen Ramparts   |       |       |       |    12 |    12 ||    24
Invok: Ancestor Life: Kn |       |       |       |     1 |       ||     1
       Recall Ancestor   |       |       |       |     1 |     2 ||     3
Evoke: Wand              |       |       |       |     1 |     2 ||     3
  Use: Scroll            |       |     5 |    12 |     5 |     6 ||    28
       Potion            |       |     2 |     4 |     1 |     3 ||    10
Armor: Leather armour    |     2 |    15 |    26 |       |       ||    43
       Steam dragon scal |       |       |     9 |    34 |    53 ||    96
Dodge: Dodged            |    12 |    88 |   179 |   126 |   245 ||   650

Table legend: (Time is in decaauts)
 A = Elapsed time spent in this place.
 B = Non-inter-level travel time spent in this place.
 C = Inter-level travel time spent in this place.
 D = Time resting spent in this place.
 E = Time spent auto-exploring this place.
 F = Levels seen in this place.
 G = Mean time per level.
                   A        B        C        D        E       F      G
               +--------+--------+--------+--------+--------+-----+--------+
         Total |  18619 |  17960 |    659 |   4206 |  11449 |  14 | 1329.9 |
       Dungeon |  18488 |  17851 |    637 |   4206 |  11353 |  13 | 1422.2 |
        Temple |    131 |    110 |     21 |      0 |     96 |   1 |  131.0 |
               +--------+--------+--------+--------+--------+-----+--------+

Top non-repeatable levels by time:
    D:13: 2328 daAuts
     D:9: 2271 daAuts
    D:12: 1901 daAuts
    D:10: 1530 daAuts
     D:2: 1522 daAuts
     D:5: 1403 daAuts
     D:3: 1223 daAuts
     D:7: 1201 daAuts
     D:8: 1106 daAuts
     D:6: 1048 daAuts
     D:4: 1041 daAuts
    D:11: 988 daAuts
     D:1: 919 daAuts
  Temple: 131 daAuts
